Cogmind - Beta 15 @@@ ROGUE MODE // 2025.08.01 @ 21:12:47 Player: TheGreatPlup Result: Destroyed by as-45266 with Assembled F-torch Performance ------------- Evolutions (1) 500 Regions Visited (3) 600 Robots Destroyed (43) 215 Value Destroyed (1260) 1260 Prototype IDs (0) 0 Alien Tech Used (0) 0 Bonus (8) 8 TOTAL SCORE: 2583 Bonus ------- High Alert Combat Kills 8 Cogmind --------- Core Integrity 0/400 Matter 289/300 Energy 100/100 System Corruption 6% Temperature Cool (20) Movement Core (200) Ox3 Location -9/Mines Parts ------- > --- POWER (1) -------- (None) > --- PROPULSION (3) --- (None) > --- UTILITY (3) ------ Medium Storage Unit > --- WEAPON (2) ------- (None) > --- INVENTORY (10) --- Reactive Plating Reactive Plating System Shield System Shield Field Laser Field Laser Field Laser Ion Cannon Peak State ------------ > --- POWER ------------ Light Nuclear Core > --- PROPULSION ------- Light Treads Light Treads Improved Treads > --- UTILITY ---------- Medium Storage Unit Seismic Detector Melee Analysis Suite > --- WEAPON ----------- Beam Rifle Katana > --- INVENTORY -------- Light Nuclear Core Light Treads Visual Processing Unit Targeting Computer Reactive Plating Reactive Plating Heavy EM Pulse Gun Ion Cannon Heavy Assault Rifle Grenade Launcher [Rating: 19] Favorites ----------- Power Ion Engine Engine Ion Engine Power Core Light Nuclear Core Propulsion Light Treads Treads Light Treads Leg Aluminum Leg Utility Medium Storage Unit Device Seismic Detector Storage Medium Storage Unit Processor Melee Analysis Suite Protection Light Armor Plating Weapon Beam Rifle Energy Gun Beam Rifle Energy Cannon Particle Cannon Ballistic Gun Assault Rifle Launcher Grenade Launcher Slashing Weapon Katana Build | -11 -10 -9 -9 ------- Run | Yrd Mat Mat Min Slots Evolved 2 | . . 2 . Power . | . . . . Propulsion 1 | . . 1 . Utility 1 | . . 1 . Weapon . | . . . . Parts Attached 50 | 4 12 32 2 Power 11 | . 4 6 1 Engine 7 | . 4 3 . Core 4 | . . 3 1 Reactor . | . . . . Propulsion 16 | 2 1 13 . Treads 13 | . . 13 . Leg 3 | 2 1 . . Wheel . | . . . . Hover . | . . . . Flight . | . . . . Utility 10 | 1 4 4 1 Device 2 | . 1 . 1 Storage 3 | 1 1 1 . Processor 1 | . . 1 . Hackware . | . . . . Protection 4 | . 2 2 . Artifact . | . . . . Weapon 13 | 1 3 9 . Energy Gun 5 | . 1 4 . Energy Cannon 1 | . . 1 . Ballistic Gun 4 | 1 1 2 . Ballistic Cannon . | . . . . Launcher 2 | . 1 1 . Special Weapon . | . . . . Impact Weapon . | . . . . Slashing Weapon 1 | . . 1 . Piercing Weapon . | . . . . Special Melee Weapon . | . . . . Unidentified Prototypes . | . . . . Parts Lost 14 | . . 4 10 Power 4 | . . 2 2 Propulsion 5 | . . 1 4 Utility 3 | . . 1 2 Weapon 2 | . . . 2 Highest Loss Streak 10 | . . 2 10 To Critical Strikes . | . . . . Average Backups 9 | 4 9 9 9 Power . | 1 . . . Propulsion 1 | 1 2 . . Utility 2 | . 1 3 4 Weapon 4 | 1 4 4 4 Tool/Special . | . . . . Unused Backups 19 | . 4 8 7 Power 3 | . 1 2 . Propulsion . | . . . . Utility 7 | . . 3 4 Weapon 9 | . 3 3 3 Tool/Special . | . . . . Average Slot Usage (%) 97 | . 96 98 78 Engine 7 | . 13 5 . Core 4 | . . 5 8 Treads 21 | . . 30 24 Leg 8 | . 26 1 . Device 8 | . 3 11 9 Storage 11 | . 14 11 11 Processor 4 | . . 6 8 Protection 5 | . 9 3 . Energy Gun 7 | . 1 10 3 Ballistic Gun 9 | . 24 3 . Slashing Weapon 4 | . . 6 11 Peak Build Rating 19 | 4 9 19 19 Average Rating 13 | 2 7 15 14 On Entrance 8 | . 4 9 19 Naked Turns . | . . . . Heaviest Build 28 | 6 23 28 21 Greatest Support 60 | 20 20 60 60 Greatest Overweight (x) 6 | . 6 1 5 Average Overweight (x) . | . . . . Largest Inventory Capacity 10 | 8 10 10 10 Average Capacity 9 | 6 9 10 10 Most Carried 10 | 6 10 10 10 Average Carried 9 | 4 9 9 9 Final Capacity 10 | 8 10 10 10 Final Carried 10 | 6 8 10 8 Class Distribution -------------------- 51% | Scavenger-Mutant 48% | Mutant Dominant Class ---------------- Mutant | -10/Materials Scavenger-Mutant | -9/Materials Mutant | -9/Mines Resources | -11 -10 -9 -9 ----------- Run | Yrd Mat Mat Min Matter Collected 1152 | 240 187 666 59 Remotely . | . . . . Salvage Created 1544 | . 354 1179 11 Parts 99 | . 19 80 . Haulers Intercepted 1 | . . 1 . Recyclers Shooed . | . . . . Parts Field Recycled . | . . . . Retrieved Matter . | . . . . Parts Self-Destructed . | . . . . Prevented . | . . . . Kills | -11 -10 -9 -9 ------- Run | Yrd Mat Mat Min Combat Hostiles Destroyed 42 | . 8 32 2 Melee 9 | . . 8 1 Guns 26 | . 8 18 . Cannons 2 | . . 2 . AOE 5 | . . 4 1 Classes Destroyed 8 | . 2 5 1 Hauler 1 | . . 1 . Recycler 1 | . . 1 . Watcher 1 | . 1 . . Swarmer 12 | . . 12 . Grunt 18 | . 8 10 . Duelist 1 | . . 1 . Sentry 9 | . . 9 . Assembled 2 | . . . 2 Best Kill Streak 6 | . 4 6 1 Combat Bots Only 4 | . 4 4 1 Max Kills in Single Turn 2 | . 2 2 1 Gunslinging 1 | . 1 . . Exploded 1 | . . 1 1 Melee 1 | . . 1 1 Uniques/NPCs Destroyed . | . . . . Combat | -11 -10 -9 -9 -------- Run | Yrd Mat Mat Min Hostile Shots Fired 313 | . 38 173 102 Missed 96 | . 15 50 31 Hits 217 | . 23 123 71 Melee 30 | . . 7 23 Projectile 187 | . 23 116 48 Critical Strikes 4 | . 1 3 . Damage Taken 3193 | . 335 1640 1218 Core 450 | . 44 166 240 Absorbed by Shields . | . . . . Regen/Repaired (Parts) 23 | . . 23 . Core Remaining (%) 91 | 100 82 . . Volleys Fired 103 | . 23 78 2 Largest 2 | . 2 2 1 Hottest 79 | . 76 79 30 Shots Fired 147 | . 45 100 2 Gun 130 | . 45 85 . Cannon 7 | . . 7 . Launcher 10 | . . 8 2 Special . | . . . . Kinetic 82 | . 43 39 . Thermal 50 | . 2 48 . Explosive 10 | . . 8 2 Electromagnetic 5 | . . 5 . Robot Hit Streak 12 | . 12 9 . Robot Miss Streak 4 | . 1 4 . Penetration Max . | . . . . Secondary Targets 6 | . 4 2 . Max Gunslinging Chain 1 | . 1 1 . Shots Hit Robots 116 | . 34 80 2 Core Hits 81 | . 19 49 13 Critical Kills . | . . . . Critical Parts Destroyed 1 | . . 1 . Critical Strikes 6 | . . 6 . Burn 2 | . . 2 . Destroy 1 | . . 1 . Sever 3 | . . 3 . Melee Attacks 36 | . . 31 5 Impact . | . . . . Slashing 36 | . . 31 5 Piercing . | . . . . Sneak Attacks . | . . . . Combat Hostiles . | . . . . Follow-up Attacks . | . . . . Damage Inflicted 2791 | . 352 2070 369 Guns 1175 | . 352 823 . Cannons 103 | . . 103 . Explosions 731 | . . 445 286 Melee 782 | . . 699 83 Ramming . | . . . . Kinetic 657 | . 323 334 . Thermal 625 | . 29 596 . Explosive 700 | . . 414 286 Electromagnetic 27 | . . 27 . Impact . | . . . . Slashing 782 | . . 699 83 Piercing . | . . . . Highest Corruption 6 | . . . 6 Average Corruption 5 | . . . 5 Corruption Purged . | . . . . Corruption Blocked . | . . . . Effects 1 | . . . 1 Data Loss (minor) 1 | . . . 1 Overload Shots . | . . . . Overflow Damage 21 | . . 20 1 Projectiles . | . . . . Explosions 21 | . . 20 1 Melee . | . . . . Knockbacks . | . . . . Impact . | . . . . Kinetic . | . . . . Secondary . | . . . . Self-Inflicted Damage 29 | . . 29 . Shots 1 | . . 1 . Rammed . | . . . . Targets Rammed . | . . . . Kicked . | . . . . Crushed . | . . . . Highest Temperature 300 | . 61 300 22 Average Temperature 74 | . 21 90 13 Received Heat Transfer 755 | . 183 372 200 Effects 2 | . . 2 . Energy Bleed 2 | . . 2 . Siege Activations . | . . . . Martial Activations . | . . . . Shielding Activations . | . . . . Robots Disrupted . | . . . . Combat Hostiles . | . . . . Robots Corrupted . | . . . . Combat Hostiles . | . . . . Parts Fried . | . . . . Impact Corruptions . | . . . . Robots Melted . | . . . . Combat Hostiles . | . . . . Parts Melted . | . . . . Heat Transferred 1591 | . 74 1517 . Parts Sabotaged . | . . . . Parts Stolen . | . . . . Parts Stripped . | . . . . Power Chain Reactions 1 | . . 1 . Alert | -11 -10 -9 -9 ------- Run | Yrd Mat Mat Min Maximum Alert Level 2 | . . 2 . Low Security (%) 54 | 100 100 31 100 Level 1 40 | . . 62 . Level 2 4 | . . 6 . Level 3 . | . . . . Level 4 . | . . . . Level 5 . | . . . . High Security . | . . . . Max Security . | . . . . Peak Influence 420 | . 92 420 129 Initial 129 | . . . 129 Average 174 | . 16 252 78 Influence Increases 1178 | . 207 957 14 Destroy 0b10 Robot/C 800 | . 160 640 . Destroy 0b10 Robot/NC 15 | . 5 10 . Destroy Leader 204 | . 42 162 . Destroy Structure 54 | . . 40 14 Lose Combat Pursuer 105 | . . 105 . Influence Decreases 1178 | . 205 628 345 Entered New Map 204 | . . 2 202 Time Decay 851 | . 205 586 60 Lost Part 123 | . . 40 83 Squads Dispatched 4 | . 3 1 . Investigation . | . . . . Extermination . | . . . . Reinforcement 4 | . 3 1 . Assault . | . . . . Garrison . | . . . . Intercept . | . . . . Searches Triggered . | . . . . Construction Impeded . | . . . . Haulers Reinforced . | . . . . Active Scanning Responses . | . . . . Cargo Convoy Interrupts . | . . . . Stealth | -11 -10 -9 -9 --------- Run | Yrd Mat Mat Min Distress Signals 2 | . 2 . . Communications Jammed . | . . . . Distress Signals . | . . . . Times Spotted 96 | . 16 57 23 Peak Tracking Total 19 | . 6 5 19 Tactical Retreats 7 | . . 4 3 Traps | -11 -10 -9 -9 ------- Run | Yrd Mat Mat Min Traps Triggered 6 | . 5 1 . Indirectly . | . . . . Trap Hack Attempts . | . . . . Triggered . | . . . . Disarmed . | . . . . Reprogrammed . | . . . . Reused . | . . . . Traps Extracted . | . . . . Installed . | . . . . Triggered . | . . . . Machines | -11 -10 -9 -9 ---------- Run | Yrd Mat Mat Min Machines Disabled . | . . . . Max in Single Turn . | . . . . Machines Repaired . | . . . . Machines Dismantled . | . . . . Machines Sabotaged . | . . . . Overloaded Fab Kills . | . . . . Hacking | -11 -10 -9 -9 --------- Run | Yrd Mat Mat Min Machines Accessed 1 | . . 1 . Terminals . | . . . . Fabricators . | . . . . Repair Stations 1 | . . 1 . Recycling Units . | . . . . Scanalyzers . | . . . . Garrison Access . | . . . . Total Hacks 2 | . . 2 . Successful 2 | . . 2 . Failed . | . . . . Catastrophic . | . . . . Database Lockouts . | . . . . Manual . | . . . . Terminals . | . . . . Fabricators . | . . . . Repair Stations 2 | . . 2 . Recycling Units . | . . . . Scanalyzers . | . . . . Garrison Access . | . . . . Terminal Hacks . | . . . . Fabricator Hacks . | . . . . Repair Station Hacks 2 | . . 2 . Scan Component 1 | . . 1 . Repair 1 | . . 1 . Recycling Unit Hacks . | . . . . Scanalyzer . | . . . . Garrison Access Hacks . | . . . . Unauthorized Hacks . | . . . . Terminals . | . . . . Fabricators . | . . . . Repair Stations . | . . . . Recycling Units . | . . . . Scanalyzers . | . . . . Garrison Access . | . . . . Data Cores Recovered . | . . . . Used . | . . . . Hacking Detections 1 | . . 1 . Full Trace Events . | . . . . Feedback Events . | . . . . Feedback Blocked . | . . . . Robot Schematics Acquired . | . . . . Robots Built . | . . . . Authchips . | . . . . Time . | . . . . Total Robot Build Rating . | . . . . Part Schematics Acquired . | . . . . Parts Built . | . . . . Authchips . | . . . . Time . | . . . . Total Part Build Rating . | . . . . Parts Repaired 1 | . . 1 . Time 38 | . . 38 . Parts Recycled . | . . . . Recycled Matter . | . . . . Retrieved Matter . | . . . . Retrieved Components . | . . . . Parts Scanalyzed . | . . . . Part Schematics Acquired . | . . . . Parts Damaged . | . . . . Bothacking | -11 -10 -9 -9 ------------ Run | Yrd Mat Mat Min Used RIF Installer . | . . . . Robots Hacked . | . . . . Non-combat . | . . . . Combat . | . . . . Robot Hacks Applied . | . . . . Relay Couplers Released . | . . . . Fabnet Peak Effective % . | . . . . Robots Rewired . | . . . . Allies Hacked . | . . . . Hacks Repelled . | . . . . Allies | -11 -10 -9 -9 -------- Run | Yrd Mat Mat Min Total Allies . | . . . . Largest Group . | . . . . Highest-Rated Group . | . . . . Highest-Rated Ally . | . . . . Total Orders . | . . . . Ally Attacks . | . . . . Total Damage . | . . . . Kills . | . . . . Allies Corrupted . | . . . . Allies Melted . | . . . . Intel | -11 -10 -9 -9 ------- Run | Yrd Mat Mat Min Active Infowar (turns) 2978 | . 299 2557 122 Seismic 2978 | . 299 2557 122 Robot Analysis Total . | . . . . Derelict Logs Recovered 1 | . . . 1 Drone Launches . | . . . . Drone Recoveries . | . . . . Exploration | -11 -10 -9 -9 ------------- Run | Yrd Mat Mat Min Turns Passed 3885 | 54 1132 2557 142 Spaces Moved 1830 | 44 574 1141 71 Core 35 | 14 8 . 13 Treads 1141 | . . 1083 58 Legs 654 | 30 566 58 . Wheels . | . . . . Hover . | . . . . Flight . | . . . . Fastest Speed 50 | 50 120 120 160 Average Speed 159 | 97 158 161 170 Slowest Speed 350 | 120 350 190 300 Overloaded Moves . | . . . . Propulsion Burnouts . | . . . . Robots Hopped . | . . . . Potential Cave-ins . | . . . . Cave-ins Triggered . | . . . . Exploration Rate (%) 47 | 4 78 85 24 Regions Visited 3 Branch Regions 1 Pre-discovered Areas . | . . . . Known Exits Taken . | . . . . Unknown Exits Taken 3 | 1 1 1 . Scrap Searched 1 | . . . 1 Spaces Dug . | . . . . Terrain Destroyed 66 | . . 48 18 Melee . | . . . . Projectile . | . . . . AOE 66 | . . 48 18 Terrain Rammed . | . . . . Walls Destroyed . | . . . . Machines Disabled . | . . . . Actions | -11 -10 -9 -9 --------- Run | Yrd Mat Mat Min Total 2620 | 53 755 1729 83 Wait 496 | . 114 382 . Move 1827 | 43 573 1140 71 Hop . | . . . . Pick Up 45 | 6 15 24 . Fast Attach 17 | 4 7 6 . Attach 12 | . 5 5 2 Detach . | . . . . Swap 39 | . 7 30 2 Drop 45 | . 11 33 1 Fire 103 | . 23 78 2 Melee 36 | . . 31 5 Ram . | . . . . Kick . | . . . . Crush . | . . . . Escape Stasis . | . . . . Rewire . | . . . . Trap . | . . . . Miscellaneous . | . . . . Route ------- -11/Scrapyard -10/Materials (discovered 5 exits: *Mat x3 / [*Min x2]) -9/Materials (discovered 3 exits: [*Mat x2] / [*Min]) -9/Mines History --------- Turn | Location | Event 9 | -11/Scrapyard | Discovered new exit (range 16) 55 | -11/Scrapyard | Entered Materials 56 | -10/Materials | Met a group of wandering Federalists 137 | -10/Materials | Discovered new exit (range 16) 248 | -10/Materials | Discovered new exit (range 13) 301 | -10/Materials | Build established: Mutant 558 | -10/Materials | Discovered new exit (range 11) 781 | -10/Materials | Discovered new exit (range 16) 1070 | -10/Materials | Discovered new exit (range 16) 1187 | -10/Materials | Entered another Materials area 1187 | -9/Materials | Evolved 2 slots: Propulsion x1, Utility x1 1792 | -9/Materials | Build established: Scavenger-Mutant 2128 | -9/Materials | Discovered new exit (range 10) 2743 | -9/Materials | Repaired Katana 3379 | -9/Materials | Discovered new exit (range 14) 3680 | -9/Materials | Discovered new exit (range 5) 3744 | -9/Materials | Entered Mines 3774 | -9/Mines | Assembled infested the area 3774 | -9/Mines | Learned Materials stockpile data 3858 | -9/Mines | Core integrity fell below 50% 3869 | -9/Mines | Core integrity fell below 20% 3886 | -9/Mines | Destroyed by as-45266 with Assembled F-torch Last Messages --------------- 03787_ as-83985 destroyed. 03789_ Destroyed Asb. F-torch. 03790_ Grenade Launcher destroyed. 03811_ Lgt. Nuclear Core destroyed. 03820_ Lgt. Treads destroyed. 03833_ System corrupted by crushing effect (+4). 03835_ as-74517 destroyed. 03853_ Lgt. Treads destroyed. 03855_ Melee Analysis Suite destroyed. 03855_ System corrupted by crushing effect (+2). 03858_ Imp. Treads destroyed. 03858_ Knocked back. 03859_ Lgt. Nuclear Core destroyed. 03866_ Seismic Detector destroyed. 03869_ Knocked back. 03874_ System corrupted: Component data lost. 03881_ Katana destroyed. 03882_ T-07 Excavator is excavating. 03884_ Knocked back. 03885_ K-01 Serf collects debris. Map ----- +----------------------------------------------------+ | | | | | | | | | | | | | | | | | | | | | | | | | | | ?????????????????????????????????????????????????? | | ?????????????????????????????????????????????????? | | #????????????????????????????????????????????????? | | ##???????????????????????????????????????????????? | | ####??????????????????##????????????????????????? | | #?????????????????? ####????????????????????? | | #?????????????????? t ?????????????????????? | | ##??????????????????# t??????????????????????? | | # #???????????????##### #??????????????????????? | | # #???????######### ## #??????????????????????? | | # #?????### ## # #####??????????????????? | | #????## aaa ##?????????????????? | | ####????# """ ##a@ #?????????????????? | | #?####??# """ ### """ #????????????????? | | ### #### """ ##?# """ k????????????? | | ## ##??# """ ??????????? | | #??? ##### ? ???????????? | | ### #??? #??????????????????? | | ??# ## ##?? ##??????????????????? | | ??# #######??? ##???????????????????? | | ??## #????????## ##????????????????????? | | ???# #?????????## ##?????????????????????? | | ???## ##??????????# #??????????????????????? | | ????# #???????????# #??????????????????????? | | ???# #???????????# ???????????????????????? | | ?? #??????????? ???????????????????????? | | ? ?????????? ???????????????????????? | | ????????? ???????????????????????? | | #?????????????????????????????????? | | ######### #?????????????????????????????????? | | ????????## ##?????????????????????????????????? | | ??????????#####??????????????????????????????????? | | ?????????????????????????????????????????????????? | | ?????????????????????????????????????????????????? | | ?????????????????????????????????????????????????? | | ?????????????????????????????????????????????????? | | ?????????????????????????????????????????????????? | +----------------------------------------------------+ Best States ------------- Heat Dissipation 28 Energy Generation 14 Energy Capacity 265 Matter Stores 300 Matter Capacity 300 Sight Range 16 Terrain Scan Density 10 Armor Coverage 150 Evasion (%) 55 Melee Accuracy 5 Recoil Reduction 3 Item Schematics ----------------- None Robot Schematics ------------------ None Fabricated ------------ Nothing Repaired ---------- Katana | 54% | -9/Materials Alien Tech Used ----------------- None Achievements -------------- None Challenges ------------ None Game ------ Seed MeleeLinearDevice Manual? 0 Play Time 00:54:27 Cumulative 23.9 hours Start 2025.08.01 @ 19:53:13 End 2025.08.01 @ 21:12:47 Sessions 1 Manual Loads 0 Difficulty Rogue Special Mode None Game No. 30 Rogue 30 Adventurer 0 Explorer 0 Win Type - Total 0 Types 0/0/0/0/0/0/0/0/0/0 Lore% 10 Gallery% 13 Achievement% 12 Wizard Run 0 Options --------- Layout 0 ASCII 0 Keyboard 0 Movement Mouse Keybinds 0 Fullscreen 2 Font 18/SmallcapsGlow Map View 76x50 Zoom Use 84% Tactical HUD 1 Map Filters NONE Filters NONE Steam 1 RUN: 506443e8-ea3f-4cc3-b49e-0b97f1e49665